 Dungeon Sprint DCSS version 0.14-a0-3491-gb7ac591 (webtiles) character file.

527 BluebellGnoll the Nimble (level 6, -5/48 HPs)
             Began as a Spriggan Berserker on Mar 25, 2014.
             Was an Elder of Trog.
             Splashed by an oklob plant's acid (22 damage)
             ... in the Dungeon (Sprint IV: "Fedhas' Mad Dash").
             The game lasted 00:01:53 (228 turns).

BluebellGnoll the Nimble (Spriggan Berserker)        Turns: 228, Time: 00:01:53

HP  -5/48        AC  2     Str 20      XL: 6   Next: 82%
MP  12/12        EV 27     Int  9      God: Trog [****..]
Gold 58          SH  0     Dex 15      Spells:  0 memorised,  5 levels left

rFire  . . .     SeeInvis +     a - +0 short sword
rCold  . . .     Clarity  .     b - +0 animal skin
rNeg   . . .     Conserve .     (shield restricted)
rPois  .         rCorr    .     (helmet restricted)
rElec  .         rRot     .     (no cloak)
SustAb . .       Spirit   .     (gloves unavailable)
rMut   .         Warding  .     (boots unavailable)
Saprov . . .     NoTele   +     (no amulet)
MR     +....                    (no ring)
                                j - ring of invisibility

@: berserking (expiring), very quick, somewhat resistant to hostile
enchantments, extremely unstealthy
A: unfitting armour, see invisible, herbivore 3, speed 3, slow metabolism 2
a: Burn Spellbooks, Berserk, Trog's Hand, Brothers in Arms, Renounce Religion,
Evoke Invisibility


You were in the Dungeon.
You worshipped Trog.
Trog was greatly pleased with you.
You were not hungry.

You visited 1 branch You collected 58 gold pieces.

Inventory:

Hand weapons
 a - a +0,+0 short sword (weapon)
Armour
 b - a +0 animal skin (worn)
Comestibles
 k - 3 honeycombs
Scrolls
 i - a scroll of blinking
Jewellery
 j - a ring of invisibility (left hand)
Potions
 c - a potion of porridge
 d - a potion of curing
 e - a potion of heal wounds
 f - a potion of haste
 g - 2 potions of magic
 h - a potion of berserk rage


   Skills:
 - Level 2.4 Fighting
 + Level 9.8 Short Blades
 + Level 13.4 Dodging
 - Level 11.5 Stealth


You had 5 spell levels left.
You didn't know any spells.

Dungeon Overview and Level Annotations

Branches:
Dungeon (1/1)

Altars:

Annotations:
D exclusion: oklob plant


Innate Abilities, Weirdness & Mutations

You are tiny and cannot use many weapons and most armour.
You have supernaturally acute eyesight.
You are a herbivore.
You cover ground extremely quickly.
You need consume almost no food.


Message History

Your magical contamination has completely faded away.
You slash the oklob plant!
The oklob plant is heavily damaged.
You hit the oklob plant but do no damage.
The oklob plant is heavily damaged.
The oklob plant spits acid at you. The splash of acid hits you!
The acid burns!
You hit the oklob plant.
The oklob plant is heavily damaged.
You slash the oklob plant!
The oklob plant is severely damaged.
You hit the oklob plant.
The oklob plant is severely damaged.
You slash the oklob plant!
The oklob plant is almost destroyed.
You hit the oklob plant but do no damage.
The oklob plant is almost destroyed.
The oklob plant spits acid at you. The splash of acid hits you!
The acid burns!
You die...

#<..f#.....#.....#
#ff..'.[...'.#.[.+
#ffff#.....#.#...#
###############'##
#...♣........'...#
#......♣.....#...#
#.....♣..♣..######
##'####+##### #(@#
#P?# ####


You could see an oklob plant.

Vanquished Creatures
  A queen bee (D)
  4 killer bees (D)
  A worker ant (D)
  2 oklob saplings (D)
  A green rat (D)
  A rat (D)
10 creatures vanquished.

Notes
Turn   | Place    | Note
--------------------------------------------------------------
     0 | D        | BluebellGnoll, the Spriggan Berserker, began the quest for the Orb.
     0 | D        | Reached XP level 1. HP: 11/11 MP: 2/2
     8 | D        | Reached skill level 6 in Stealth
     8 | D        | Reached XP level 2. HP: 16/16 MP: 4/4
    14 | D        | Acquired Trog's second power
    40 | D        | Noticed an oklob sapling
    42 | D        | Killed an oklob sapling
    42 | D        | Reached skill level 9 in Stealth
    42 | D        | Reached XP level 3. HP: 19/19 MP: 6/6
    44 | D        | Noticed a worker ant
    46 | D        | Killed a worker ant
    46 | D        | Reached skill level 11 in Stealth
    61 | D        | Noticed an oklob sapling
    64 | D        | Killed an oklob sapling
    64 | D        | Reached XP level 4. HP: 23/23 MP: 8/8
    78 | D        | Noticed a killer bee
    78 | D        | Noticed a queen bee
    79 | D        | Noticed a killer bee
    79 | D        | Noticed a killer bee
    80 | D        | Noticed a killer bee
    86 | D        | Killed a killer bee
    86 | D        | Reached skill level 5 in Short Blades
    87 | D        | Killed a killer bee
    87 | D        | Reached XP level 5. HP: 27/27 MP: 7/10
    89 | D        | Killed a killer bee
    89 | D        | Reached skill level 10 in Dodging
    91 | D        | Killed a killer bee
    91 | D        | Reached XP level 6. HP: 32/32 MP: 9/12
    92 | D        | Killed a queen bee
    92 | D        | Reached skill level 13 in Dodging
    96 | D        | Acquired Trog's third power
   217 | D        | Noticed an oklob plant
   228 | D        | Splashed by an oklob plant's acid

Action                   |  1- 3 |  4- 6 || total
-------------------------+-------+-------++-------
Melee: Short sword       |     6 |    13 ||    19
Invok: Berserk           |     1 |     1 ||     2
 Abil: Evoke Invisibilit |       |     1 ||     1
 Stab: Sleeping          |     3 |     5 ||     8
